 Dungeon Crawl Stone Soup version 0.26.1-11-gd32895ea62 (webtiles) character file.

Game seed: 9825044121951679731

176 Zeld the Skirmisher (level 5, -4/37 HPs)
             Began as an Octopode Monk on May 18, 2021.
             Slain by Grinder (8 damage)
             ... while paralysed by Grinder
             ... on level 3 of the Dungeon.
             The game lasted 00:03:48 (3506 turns).

Zeld the Skirmisher (Octopode Monk)                 Turns: 3506, Time: 00:03:49

Health: -4/37      AC:  1    Str: 12    XL:     5   Next: 56%
Magic:  7/7        EV:  2    Int: 12    God:
Gold:   119        SH:  0    Dex: 14    Spells: 7/7 levels left

rFire    . . .     SeeInvis .   o - +0 whip
rCold    . . .     Faith    .   (no shield)
rNeg     . . .     Spirit   .   (helmet restricted)
rPois    .         Reflect  .   (no amulet)
rElec    .         Harm     .   (no ring)
rCorr    .         Rampage  .   (no ring)
Will     .....                  (no ring)
Stlth    +++.......             (no ring)
HPRegen  0.12/turn              (no ring)
MPRegen  0.10/turn              (no ring)
                                (no ring)
                                (no ring)

@: paralysed
A: almost no armour, stealthy swim, amphibious, 8 rings, constrict 8, camouflage
1, gelatinous body 1
a: no special abilities


You were on level 3 of the Dungeon.
You visited 1 branch of the dungeon, and saw 3 of its levels.

You collected 119 gold pieces.

Inventory:

Hand Weapons
 g - a +0 whip
 o - a +0 whip (weapon)
Jewellery
 h - an uncursed amulet of the acrobat {unknown}
Scrolls
 b - 2 scrolls of amnesia {unknown}
 c - a scroll of magic mapping {unknown}
 f - 3 scrolls of teleportation {unknown}
 j - a scroll of identify {unknown}
 l - a scroll of blinking {unknown}
 n - a scroll of fear {unknown}
Potions
 i - a potion of ambrosia {unknown}
 k - a potion of lignification {unknown}
 m - a potion of heal wounds {unknown}


   Skills:
 - Level 3.8 Fighting
 * Level 2.8 Maces & Flails
 - Level 3.8 Dodging
 - Level 2.6 Stealth
 - Level 3.0 Unarmed Combat
 - Level 1.9 Spellcasting


You had 7 spell levels left.
You didn't know any spells.
Your spell library was empty.

Dungeon Overview and Level Annotations

Branches:
Dungeon (3/15)

Altars:
Cheibriados
Fedhas
Hepliaklqana
Qazlal
Wu Jian
The Shining One

Annotations:
D:3 Grinder


Innate Abilities, Weirdness & Mutations

You cannot wear most types of armour.
You are very stealthy in the water. (Stealth+)
You are amphibious.
You can wear up to eight rings at the same time.
You can use your tentacles to constrict eight enemies at once.
Your skin changes colour to match your surroundings (Stealth+).
Your rubbery body absorbs attacks. (AC +1, EV +1)


Message History

You closely miss the orc wizard. You grab the orc wizard.
You constrict the orc wizard, but do no damage.
The orc wizard hits you with a +0 dagger.
Grinder gestures at you.
You suddenly lose the ability to move!
You lose your grip on the orc wizard.
The orc wizard points at you and mumbles some strange words.
You resist with some effort. The orc wizard casts a spell at you.
The magic dart hits you.
The orc wizard hits you with a +0 dagger. x3
Grinder hits you.
* * * LOW HITPOINT WARNING * * *
You writhe in agony.
* * * LOW HITPOINT WARNING * * *
The orc wizard hits you with a +0 dagger.
* * * LOW HITPOINT WARNING * * *
The orc wizard hits you with a +0 dagger.
* * * LOW HITPOINT WARNING * * *
Grinder hits you!
You die...

##. # . ..##. ..##..
.## #.....# ..##
....... ..# ......[
#.### .......###.÷.#
......[$[).5o#
....(..###)#@#
...........#[#
######..####.## $#
######).
####..###....
..$...###..[<........
#..#....###÷###[..
######..(.........# .
#.....†..####..#....
#.......##
#..........


You could see Grinder and an orc wizard (fast).

Vanquished Creatures
  An orc wizard (D:3)
  Jessica (D:3)
  Natasha (D:2)
  2 adders
  2 dart slugs
  A leopard gecko (D:2)
  6 orcs (D:3)
  9 bats
  2 giant cockroaches (D:1)
  4 goblins
  3 hobgoblins
  8 jackals
  9 kobolds
  A quokka (D:3)
  4 ball pythons
  6 frilled lizards
  8 rats
68 creatures vanquished.

Notes
Turn   | Place    | Note
-------+----------+-------------------------------------------
     0 | D:1      | Zeld the Octopode Monk began the quest for the Orb.
     0 | D:1      | Reached XP level 1. HP: 16/16 MP: 1/1
   250 | D:1      | Reached XP level 2. HP: 16/21 MP: 2/2
   833 | D:1      | Reached skill level 1 in Spellcasting
  1250 | D:1      | Reached XP level 3. HP: 25/26 MP: 4/4
  1698 | D:2      | Noticed Natasha
  1708 | D:2      | Killed Natasha
  1709 | D:2      | Reached XP level 4. HP: 21/33 MP: 4/6
  1874 | D:2      | Found a stormy altar of Qazlal.
  2224 | D:2      | Found an ornate altar of the Wu Jian Council.
  2230 | D:2      | Found a blossoming altar of Fedhas.
  2232 | D:2      | Found a snail-covered altar of Cheibriados.
  2233 | D:2      | Found a hazy altar of Hepliaklqana.
  2238 | D:2      | Found a glowing golden altar of the Shining One.
  2442 | D:3      | Noticed Grinder
  2770 | D:3      | Noticed Jessica
  2786 | D:3      | Killed Jessica
  2787 | D:3      | Reached skill level 1 in Maces & Flails
  2787 | D:3      | Reached XP level 5. HP: 27/37 MP: 7/7
  3501 | D:3      | Paralysed by Grinder for 6 turns
  3506 | D:3      | Slain by Grinder

Illustrated notes

Levels and vault maps discovered:
D:1:      dpeg_arrival_rhombus, layout_basic
D:2:      layout_basic, minitemple, lemuel_altar_in_water, uniq_natasha
D:3:      layout_rooms, grunt_qazlal_clouds, general_overflow_altar, tgw_trog,
          st_stairs_10, uniq_grinder, uniq_jessica

Skill      XL: |  1  2  3  4  5 |
---------------+----------------+-----
Spellcasting   | 1 |  1.9
Maces & Flails | 1 2 |  2.8
Fighting       | |  3.8
Dodging        | |  3.8
Stealth        | |  2.6
Unarmed Combat | |  3.0

Action                   |  1- 3 |  4- 6 || total
-------------------------+-------+-------++-------
Melee: Unarmed           |    37 |       ||    37
       Constrict         |    22 |    27 ||    49
       Tentacles         |    17 |    19 ||    36
       Whip              |    45 |    85 ||   130
       Punch             |       |     1 ||     1
  Use: Potion            |       |     4 ||     4
 Stab: Sleeping          |    11 |     3 ||    14
       Distracted        |       |     1 ||     1
Armor: Skin              |     7 |     3 ||    10
Dodge: Dodged            |    62 |    98 ||   160
